[Event "*** Titled Tuesday Blitz"]
[Site "Chess.com"]
[Date "2021.04.20"]
[Round "2"]
[White "dosto07"]
[Black "saikrishnaReturns"]
[Result "0-1"]
[WhiteElo "2331"]
[BlackElo "2655"]
[TimeControl "180+1"]
[EndTime "10:14:52 PDT"]
[Termination "saikrishnaReturns won by resignation"]

1. e4 e5 2. Nf3 Nc6 3. Bb5 a6 4. Ba4 d6 5. c3 f5 6. exf5 Bxf5 7. d4 e4 8. d5 exf3 9. dxc6 b5 10. Bc2 Qe7+ 11.
Be3 fxg2 12. Rg1 Be4 13. Nd2 Bxc6 14. Qh5+ Qf7 15. Qh3 Nf6 16. O-O-O Be7 17. Bb3 Bd5 18. Rxg2 Bxb3 19. axb3 a5 20. Rdg1 g6 21. Rxg6 hxg6 22. Qxh8+ Bf8 23. Bd4 Nh7 24. Re1+ Kd7 25. Ne4 Bh6+ 0-1

[Event "*** Titled Tuesday Blitz"]
[Site "Chess.com"]
[Date "2021.04.20"]
[Round "2"]
[White "RamyresCoelho"]
[Black "Promacherr"]
[Result "1-0"]
[WhiteElo "2222"]
[BlackElo "2609"]
[TimeControl "180+1"]
[EndTime "10:14:57 PDT"]
[Termination "RamyresCoelho won by checkmate"]

1. e4 e6 2. d4 d5 3. Nc3 Nf6 4. e5 Nfd7 5. f4 c5 6. Nf3 Nc6 7. Be3 Be7 8. Be2 O-O 9. O-O a6 10. a4 Qc7 11. Qe1 cxd4 12. Nxd4 Nxd4 13. Bxd4 Bc5 14. Bxc5 Qxc5+ 15. Kh1 f6 16. exf6 Nxf6 17. Bd3 Bd7 18. Rf3 Rae8 19. Qh4 h6 20. Rg3 Kh8 21. Rg6 Qe7 22. Re1 Bc6 23. Re5 Nd7 24. Rxh6+ Kg8 25. Rh8+ Kf7 26. Qh5+ Kf6 27. Qg6# 1-0

[Event "*** Titled Tuesday Blitz"]
[Site "Chess.com"]
[Date "2021.04.20"]
[Round "2"]
[White "Mikhal867"]
[Black "Supernotar"]
[Result "1/2-1/2"]
[WhiteElo "2438"]
[BlackElo "2660"]
[TimeControl "180+1"]
[EndTime "10:14:58 PDT"]
[Termination "Game drawn by repetition"]

1. c4 c5 2. Nf3 Nc6 3. Nc3 g6 4.
d4 cxd4 5. Nxd4 Bg7 6. Nc2 d6 7. e4 Bxc3+ 8. bxc3 Nf6 9. f3 O-O 10. Be3 b6 11. h4 h5 12. Bg5 Nd7 13. g4 hxg4 14. h5 Nce5 15. Nd4 Nf6 16. Bxf6 exf6 17. f4 Nf3+ 18. Nxf3 gxf3 19. hxg6 fxg6 20. Qxf3 Qe7 21.
O-O-O Kg7 22. Bd3 Bb7 23. f5 Rh8 24. fxg6 Qe5 25. Kb2 Rh2+ 26. Rxh2 Qxh2+ 27. Kb3 Rh8 28. Rf1 Qe5 29. Qf5 Bc8 30. Qxe5 dxe5 31. c5 bxc5 32.
Bc4 Kxg6 33. Rg1+ Kh6 34. Rh1+ Kg7 35. Rg1+ Kh6 36. Rh1+ Kg7 37. Rg1+ Kh6 1/2-1/2

[Event "*** Titled Tuesday Blitz"]
[Site "Chess.com"]
[Date "2021.04.20"]
[Round "2"]
[White "mjray79"]
[Black "rikyshi"]
[Result "1-0"]
[WhiteElo "2421"]
[BlackElo "2177"]
[TimeControl "180+1"]
[EndTime "10:15:01 PDT"]
[Termination "mjray79 won on time"]

1. d4 Nf6 2. c4 g6 3. Nc3 d5 4. cxd5 Nxd5 5. e4 Nxc3 6. bxc3 Bg7 7. Bc4 O-O 8. Ne2 c5 9. O-O Nc6 10. Be3 Bg4 11. f3 Bd7 12. Rb1 Qc7 13. Qd2 Rad8 14.
Rfc1 cxd4 15. cxd4 e6 16. Qb2 Bc8 17. e5 b6 18. Bb5 Bb7 19. Qc3 Rc8 20. Ng3 f6 21.
exf6 Bxf6 22. Ne4 Bg7 23. Qb3 Qe7 24. d5 exd5 25. Qxd5+ Kh8 26. Bxc6 Rfd8 27. Qb5 a6 28. Qxb6 Bxc6 29. Rxc6 Rb8 30. Qxb8 Rxb8 31. Rxb8+ Bf8 32.
Bd4+ Kg8 33. Rcc8 1-0

[Event "*** Titled Tuesday Blitz"]
[Site "Chess.com"]
[Date "2021.04.20"]
[Round "2"]
[White "Cuajada_Zero"]
[Black "nocnypako"]
[Result "0-1"]
[WhiteElo "2314"]
[BlackElo "2520"]
[TimeControl "180+1"]
[EndTime "10:15:02 PDT"]
[Termination "nocnypako won by resignation"]

1. d4 Nf6 2. Bg5 c5 3. Nc3 d5 4. e3 e6 5. Nf3 Nc6 6. Be2 h6 7. Bh4 Be7 8. O-O O-O 9. a3 b6 10. Rc1 Bb7 11. Nb1 Ne4 12. Bxe7 Qxe7 13. Nbd2 Rfd8 14. c3 Rac8 15. Bd3 f5 16. Qe2 Qf6 17. Ne1 Nxd2 18. Qxd2 e5 19. dxe5 Nxe5 20. Be2 Kh8 21.
Nf3 Nc4 22. Rfd1 Nxd2 0-1

[Event "*** Titled Tuesday Blitz"]
[Site "Chess.com"]
[Date "2021.04.20"]
[Round "2"]
[White "Hikaru"]
[Black "Diego_FloresQ"]
[Result "1-0"]
[WhiteElo "3162"]
[BlackElo "2610"]
[TimeControl "180+1"]
[EndTime "10:15:03 PDT"]
[Termination "Hikaru won on time"]

1. Nf3 c5 2. b3 Nc6 3. Bb2 Nf6 4. e3 g6 5. d4 cxd4 6. Nxd4 d5 7. c4 Bg7 8. Be2 dxc4 9. Bxc4 Nxd4 10. Bxd4 O-O 11. O-O b6 12. Qf3 Rb8 13. Be5 Bb7 14. Qe2 Rc8 15. Rd1 Qe8 16. Nc3 Qc6 17. Nd5 Rfe8 18.
Bb5 1-0

[Event "*** Titled Tuesday Blitz"]
[Site "Chess.com"]
[Date "2021.04.20"]
[Round "2"]
[White "Aradhya2000"]
[Black "narutosmith"]
[Result "1-0"]
[WhiteElo "2597"]
[BlackElo "2323"]
[TimeControl "180+1"]
[EndTime "10:15:04 PDT"]
[Termination "Aradhya2000 won by resignation"]

1. d4 Nf6 2. Nf3 e6 3. e3 b6 4. Bd3 Bb7 5. O-O c5 6. c4 Be7 7. Nc3 cxd4 8. exd4 O-O 9. d5 exd5 10. cxd5 Bb4 11. Bg5 h6 12. Bh4 Bxc3 13. bxc3 d6 14. c4 Nbd7 15. Re1 Re8 16. Qd2 Qc7 17. Nd4 a6 18. Nf5 Rxe1+ 19. Rxe1 Re8 20. Nxh6+ Kf8 21.
Rxe8+ Nxe8 22. Nf5 Ne5 23. Qe2 b5 24. Be7+ Kg8 25. Bxd6 Nf3+ 26. gxf3 Nxd6 27. Nxd6 Qxd6 28. Qe8+ Qf8 29. Bh7+ Kxh7 30. Qxf8 1-0

[Event "*** Titled Tuesday Blitz"]
[Site "Chess.com"]
[Date "2021.04.20"]
[Round "2"]
[White "bsnsun"]
[Black "ENajer77"]
[Result "0-1"]
[WhiteElo "2471"]
[BlackElo "2684"]
[TimeControl "180+1"]
[EndTime "10:15:07 PDT"]
[Termination "ENajer77 won by resignation"]

1. d4 Nf6 2. c4 e6 3. Nf3 Bb4+ 4. Bd2 c5 5. Bxb4 cxb4 6. a3 bxa3 7. Rxa3 O-O 8. g3 b6 9. Bg2 Bb7 10. Nc3 a5 11. Qc2 Na6 12. O-O Nb4 13. Qb1 Rc8 14. b3 d5 15. Ne5 Ba6 16. Rd1 dxc4 17. bxc4 Bxc4 18. Nxc4 Rxc4 19. e4 Rxd4 20. e5 Rxd1+ 21.
Nxd1 Ng4 22. Be4 g6 23. Qa1 Qd2 24. Rf3 Qe1+ 25. Kg2 Qxe4 0-1

[Event "*** Titled Tuesday Blitz"]
[Site "Chess.com"]
[Date "2021.04.20"]
[Round "2"]
[White "PavelShkapenko"]
[Black "Mikasinski"]
[Result "1-0"]
[WhiteElo "2724"]
[BlackElo "2498"]
[TimeControl "180+1"]
[EndTime "10:15:08 PDT"]
[Termination "PavelShkapenko won by checkmate"]

1. e4 c5 2. c3 Nf6 3. e5 Nd5 4. d4 cxd4 5. cxd4 e6 6. Nc3 Nxc3 7. bxc3 d6 8. f4 Qc7 9. Bd2 b6 10. Bd3 Bb7 11. Nf3 Nd7 12. O-O Be7 13. Qe2 dxe5 14. fxe5 O-O 15. c4 Rad8 16. Ng5 g6 17. Nxh7 Nxe5 18.
Nxf8 Nxd3 19. Nxe6 fxe6 20. Qxd3 Kg7 21. Bf4 Qc6 22. Be5+ Kh7 23. Qh3+ Kg8 24. Qh8# 1-0

[Event "*** Titled Tuesday Blitz"]
[Site "Chess.com"]
[Date "2021.04.20"]
[Round "2"]
[White "NoboaKevin1999"]
[Black "tusplingher"]
[Result "1-0"]
[WhiteElo "2463"]
[BlackElo "2252"]
[TimeControl "180+1"]
[EndTime "10:15:08 PDT"]
[Termination "NoboaKevin1999 won by checkmate"]

1. d4 Nf6 2. c4 c5 3. d5 b5 4. Qc2 Na6 5. a3 bxc4 6. e4 d6 7. Bxc4 Nc7 8. Nf3 g6 9. b3 Bg7 10. Bb2 O-O 11. O-O e6 12. dxe6 Bxe6 13. Bxe6 Nxe6 14.
e5 dxe5 15. Bxe5 Qb6 16. Nbd2 Rad8 17. Nc4 Qb7 18. Qb2 Nd5 19. Bxg7 Nxg7 20. Rad1 Nf4 21. h4 Nge6 22. Nd6 Qc6 23. Nc4 Qb7 24. Nce5 Nd4 25. Ng4 Nxf3+ 26. gxf3 Qxf3 27. Nh6# 1-0

[Event "*** Titled Tuesday Blitz"]
[Site "Chess.com"]
[Date "2021.04.20"]
[Round "2"]
[White "aljado"]
[Black "Smile2005"]
[Result "1-0"]
[WhiteElo "2069"]
[BlackElo "2370"]
[TimeControl "180+1"]
[EndTime "10:15:08 PDT"]
[Termination "aljado won by resignation"]

1. e4 d5 2. d4 dxe4 3. Nc3 Nf6 4. f3 exf3 5. Nxf3 e6 6. Bd3 Bd6 7. O-O Nc6 8. Bg5 Be7 9. Bb5 Bd7 10. Bxf6 Bxf6 11. Ne4 Be7 12. d5 exd5 13. Qxd5 O-O 14. Nfg5 Be6 15. Qxd8 Nxd8 16. Nxe6 Nxe6 17. Rad1 c6 18. Bc4 Rad8 19. c3 Rxd1 20. Rxd1 Rd8 21. Rf1 h6 22. g3 a5 23. a4 Rd7 24. Kf2 Bc5+ 25. Kf3 Kf8 26. Bxe6 fxe6 27. Nxc5 Rd2 28. Rf2 Rd1 29. Nxb7 Ra1 30. Nxa5 Rxa4 31. Nxc6 1-0

[Event "*** Titled Tuesday Blitz"]
[Site "Chess.com"]
[Date "2021.04.20"]
[Round "2"]
[White "Tomekas1"]
[Black "tgpgoat"]
[Result "1-0"]
[WhiteElo "2474"]
[BlackElo "2275"]
[TimeControl "180+1"]
[EndTime "10:15:12 PDT"]
[Termination "Tomekas1 won by resignation"]

1. e4 c5 2. Nf3 Nc6 3. d4 cxd4 4. Nxd4 e6 5. Nc3 Qc7 6. Be3 a6 7. Qd2 Nf6 8. f3 Be7 9. O-O-O b5 10. g4 Bb7 11. g5 Nh5 12. h4 Rc8 13. Kb1 b4 14. Nce2 a5 15. Bh3 Ne5 16. Bg4 g6 17. Bxh5 gxh5 18. f4 Nc4 19. Qd3 Ba6 20. Qb3 a4 21.
Qxa4 Nxe3 22. Qxa6 Nxd1 23. Rxd1 O-O 24. Qd3 Ra8 25.
f5 Qa5 26. Nc1 e5 27. Nf3 d6 28. f6 Bd8 29. Qxd6 Bc7 30. Qd5 Rfd8 31. Qxa5 Rxa5 32. Rxd8+ Bxd8 33. Nd3 Bc7 34. Nxb4 Rc5 35. Nd5 Bb8 36.
b3 h6 37. c4 hxg5 38. Nxg5 Bc7 39. Kc2 Kf8 40. Kc3 Rc6 41. b4 Bd8 42. b5 Rc5 43. Kb4 Rc8 44. c5 Ra8 45. a4 Ba5+ 46. Kb3 Rc8 47.
c6 Be1 48. Nf3 Bg3 49. Kc4 Kg8 50. a5 Kh7 51. a6 Kg6 1-0

[Event "*** Titled Tuesday Blitz"]
[Site "Chess.com"]
[Date "2021.04.20"]
[Round "2"]
[White "JAAC2002"]
[Black "superchess02"]
[Result "0-1"]
[WhiteElo "2502"]
[BlackElo "2737"]
[TimeControl "180+1"]
[EndTime "10:15:13 PDT"]
[Termination "superchess02 won by resignation"]

1. e4 b6 2. d4 Bb7 3. Bd3 c5 4. c3 Nf6 5. Qe2 cxd4 6. cxd4 Nc6 7. Nf3 Nb4 8. Nc3 Nxd3+ 9. Qxd3 e6 10. O-O Bb4 11. d5 O-O 12. Bg5 h6 13. Bh4 d6 14.
dxe6 fxe6 15. Rfe1 Bxc3 16. bxc3 Rc8 17. Rad1 Qc7 18.
Qxd6 Qxd6 19. Rxd6 Nxe4 20. Nd4 Nxd6 0-1

[Event "*** Titled Tuesday Blitz"]
[Site "Chess.com"]
[Date "2021.04.20"]
[Round "2"]
[White "ErikBlomqvist"]
[Black "AlexTriapishko"]
[Result "0-1"]
[WhiteElo "2581"]
[BlackElo "2893"]
[TimeControl "180+1"]
[EndTime "10:15:14 PDT"]
[Termination "AlexTriapishko won by resignation"]

1. e4 e5 2. Bc4 Nc6 3. d3 Nf6 4.
a3 Bc5 5. Nc3 a6 6. h3 d6 7.
Nge2 O-O 8. Ng3 Be6 9. O-O h6 10.
Kh1 Qd7 11. Nd5 Bxd5 12. exd5 Ne7 13. Qf3 Ng6 14. Bxh6 Nh4 15. Qe2 gxh6 16. f4 Rae8 17. f5 Kh7 18. Nh5 Qd8 19. Ng3 Rg8 20. Ne4 Rxg2 0-1

[Event "*** Titled Tuesday Blitz"]
[Site "Chess.com"]
[Date "2021.04.20"]
[Round "2"]
[White "anon102030"]
[Black "DrCeltic"]
[Result "1-0"]
[WhiteElo "2735"]
[BlackElo "2501"]
[TimeControl "180+1"]
[EndTime "10:15:15 PDT"]
[Termination "anon102030 won by resignation"]

1. e4 c5 2. Nc3 e6 3. g3 a6 4. Bg2 Nc6 5. d3 b5 6. Be3 Bb7 7. f4 b4 8. Nce2 d5 9. exd5 exd5 10. d4 c4 11. Nf3 Nf6 12. Ne5 Be7 13. O-O O-O 14. Qd2 Rc8 15. c3 a5 16. Rae1 Re8 17. Qc2 Qb6 18. h3 Ne4 19. Nxc4 Qa6 20. Ne5 f6 21.
Bxe4 dxe4 22. Qb3+ 1-0

[Event "*** Titled Tuesday Blitz"]
[Site "Chess.com"]
[Date "2021.04.20"]
[Round "2"]
[White "AshotParvanyan"]
[Black "Borsuk_Konstantin"]
[Result "1-0"]
[WhiteElo "2504"]
[BlackElo "2692"]
[TimeControl "180+1"]
[EndTime "10:15:15 PDT"]
[Termination "AshotParvanyan won by resignation"]

1. Nf3 Nf6 2. c4 g6 3. Nc3 c5 4.
e4 d6 5. d4 cxd4 6. Nxd4 Bg7 7. Be2 Nc6 8. Be3 O-O 9. O-O Bd7 10. Qd2 Qa5 11. Rfd1 Rfc8 12. Rac1 a6 13. f3 Nxd4 14. Bxd4 Be6 15. b3 Nd7 16. Kh1 Bxd4 17. Qxd4 Qg5 18.
Rf1 Qf4 19. g3 Qf6 20. Qe3 Rc7 21. f4 Bh3 22. Rf2 h5 23. Nd5 1-0

[Event "*** Titled Tuesday Blitz"]
[Site "Chess.com"]
[Date "2021.04.20"]
[Round "2"]
[White "OlegKrivonosov"]
[Black "Mbneu"]
[Result "1-0"]
[WhiteElo "2632"]
[BlackElo "2337"]
[TimeControl "180+1"]
[EndTime "10:15:16 PDT"]
[Termination "OlegKrivonosov won by resignation"]

1. Nf3 c5 2. c4 e6 3. g3 d5 4.
cxd5 exd5 5. d4 Nc6 6. Bg2 Nf6 7. O-O Be7 8. Nc3 O-O 9. Bg5 c4 10. Ne5 Be6 11. Nxc6 bxc6 12. b3 Qa5 13. Qc2 Rac8 14.
Rfd1 Rfd8 15. bxc4 dxc4 16. Ne4 Bf5 17. Bxf6 Bxe4 18.
Bxe4 Bxf6 19. Rac1 Bxd4 20. Qxc4 Bb2 21. Rb1 Rxd1+ 22.
Rxd1 Bf6 23. Rd7 Rf8 24. Bxc6 Qe1+ 25. Kg2 h5 26. Bd5 h4 27. Bxf7+ Kh8 28. Qg4 1-0

[Event "*** Titled Tuesday Blitz"]
[Site "Chess.com"]
[Date "2021.04.20"]
[Round "2"]
[White "Raud100"]
[Black "mamonika"]
[Result "1-0"]
[WhiteElo "2385"]
[BlackElo "2050"]
[TimeControl "180+1"]
[EndTime "10:15:16 PDT"]
[Termination "Raud100 won by checkmate"]

1. d4 d5 2. c4 e6 3. Nf3 Nf6 4. Nc3 Be7 5. Bg5 O-O 6. e3 Nbd7 7. Rc1 c6 8. Bd3 dxc4 9. Bxc4 Nd5 10. Bxe7 Qxe7 11.
O-O Nxc3 12. Rxc3 e5 13. d5 e4 14. Nd4 cxd5 15. Bxd5 Nb6 16. Bb3 Kh8 17. Qc2 f5 18. Rc7 Qg5 19. g3 a5 20. a3 a4 21. Ba2 Ra5 22. Rc1 Qd8 23. Qc3 Ra6 24. Ne6 Bxe6 25. Qxg7# 1-0

[Event "*** Titled Tuesday Blitz"]
[Site "Chess.com"]
[Date "2021.04.20"]
[Round "2"]
[White "Rytenko_V"]
[Black "Twitch_ElhamBlitz05"]
[Result "0-1"]
[WhiteElo "2342"]
[BlackElo "2738"]
[TimeControl "180+1"]
[EndTime "10:15:19 PDT"]
[Termination "Twitch_ElhamBlitz05 won by checkmate"]

1. d4 Nf6 2. Nf3 e6 3. g3 d5 4. Bg2 c5 5. O-O Nc6 6. e3 b6 7. b3 Bb7 8. Bb2 Bd6 9. Nbd2 O-O 10. c4 Qe7 11. Rc1 Rfd8 12. Qe2 Rac8 13. Rfd1 cxd4 14.
Nxd4 Nxd4 15. exd4 Ba3 16. Bxa3 Qxa3 17. Nb1 Qe7 18.
h3 dxc4 19. Bxb7 Qxb7 20. Rxc4 Rc7 21. Rdc1 Rcd7 22. Qe5 h6 23. Nc3 Qf3 24. Qe3 Qf5 25.
Qe5 Qxh3 26. Qf4 Ng4 27. Ne4 e5 28. Qf5 exd4 29. Rc7 d3 30. Rxd7 Qh2+ 31. Kf1 Qh1# 0-1

[Event "*** Titled Tuesday Blitz"]
[Site "Chess.com"]
[Date "2021.04.20"]
[Round "2"]
[White "MustafayevFarid2004"]
[Black "Komiagina_Maria"]
[Result "1-0"]
[WhiteElo "2460"]
[BlackElo "2240"]
[TimeControl "180+1"]
[EndTime "10:15:23 PDT"]
[Termination "MustafayevFarid2004 won by resignation"]

1. d4 Nf6 2. c4 e6 3. Nc3 Bb4 4. e3 O-O 5. Bd3 d5 6. Ne2 c5 7. a3 Bxc3+ 8. bxc3 dxc4 9. Bxc4 Nbd7 10. O-O b6 11. f3 Qc7 12. Bd3 e5 13. d5 c4 14. Bf5 Bb7 15. e4 Nc5 16. Be3 Nd3 17. Nc1 Ba6 18. Na2 Rad8 19. Nb4 Nxb4 20. axb4 Bb5 21.
f4 Rfe8 22. fxe5 Qxe5 23. Bd4 Qe7 24. Bxf6 Qxf6 25. Bxh7+ Kxh7 26. Rxf6 gxf6 27. Rxa7 Bd7 28. Rxd7 1-0

[Event "*** Titled Tuesday Blitz"]
[Site "Chess.com"]
[Date "2021.04.20"]
[Round "2"]
[White "KuzubovYuriy"]
[Black "pastouche06"]
[Result "1-0"]
[WhiteElo "2849"]
[BlackElo "2565"]
[TimeControl "180+1"]
[EndTime "10:15:24 PDT"]
[Termination "KuzubovYuriy won by resignation"]

1. d4 d5 2. c4 e6 3. Nc3 a6 4. cxd5 exd5 5. Nf3 Nf6 6. Bg5 Be6 7. Qb3 Nbd7 8. e3 b5 9. Qd1 c6 10. Bd3 Bd6 11. Rc1 O-O 12. O-O h6 13. Bh4 Qb6 14. Ne2 Bg4 15. h3 Bxf3 16. gxf3 Rfe8 17. Kh1 c5 18.
dxc5 Bxc5 19. Rg1 Kh8 20. Bb1 Re5 21. f4 Rh5 22. Bxf6 Nxf6 23. Kg2 Ne4 24. Bxe4 dxe4 25. Ng3 Rd8 26. Qxh5 1-0

[Event "*** Titled Tuesday Blitz"]
[Site "Chess.com"]
[Date "2021.04.20"]
[Round "2"]
[White "ChessteacherPalmS"]
[Black "Zq1"]
[Result "0-1"]
[WhiteElo "2318"]
[BlackElo "2546"]
[TimeControl "180+1"]
[EndTime "10:15:24 PDT"]
[Termination "Zq1 won by resignation"]

1. d4 Nf6 2. c4 a6 3. g3 c5 4. Nf3 cxd4 5. Nxd4 d5 6. e3 dxc4 7. Bxc4 b5 8. Be2 e5 9. Nf3 Qxd1+ 10. Bxd1 Bb7 11.
O-O Nbd7 12. b3 Bd6 13. Bb2 O-O 14. Be2 e4 15. Nh4 g6 16. Rd1 Be5 17. Bxe5 Nxe5 18. Nc3 Rac8 19. Rac1 Kg7 20. a4 b4 21. Nb1 Nd3 22. Rxc8 Rxc8 23. Nd2 Rc2 24. Ng2 Nb2 0-1

[Event "*** Titled Tuesday Blitz"]
[Site "Chess.com"]
[Date "2021.04.20"]
[Round "2"]
[White "m_ezat"]
[Black "Agoking701"]
[Result "1-0"]
[WhiteElo "2539"]
[BlackElo "2316"]
[TimeControl "180+1"]
[EndTime "10:15:24 PDT"]
[Termination "m_ezat won by resignation"]

1. d4 Nf6 2. c4 e6 3. Nc3 Bb4 4. Qc2 O-O 5. a3 Bxc3+ 6. Qxc3 d6 7. Bg5 Nbd7 8. e3 h6 9. Bh4 b6 10. Bd3 Bb7 11. f3 Re8 12. Ne2 Nf8 13. O-O Ng6 14. Bxg6 fxg6 15. e4 g5 16. Bf2 e5 17.
Rad1 Qe7 18. Ng3 g6 19. dxe5 dxe5 20. c5 Ba6 21. Rfe1 Rad8 22. h3 Kh7 23. Qb3 b5 24.
Qc3 c6 25. Qa5 Bc8 26. a4 a6 27. Qb6 Qb7 28. Qa5 Qe7 29. Rxd8 Rxd8 30. Qb6 Qd7 31. axb5 axb5 32. Ra1 Qe6 33. Qxd8 1-0

[Event "*** Titled Tuesday Blitz"]
[Site "Chess.com"]
[Date "2021.04.20"]
[Round "2"]
[White "DKmirl"]
[Black "DrMamaliga"]
[Result "1-0"]
[WhiteElo "1884"]
[BlackElo "2350"]
[TimeControl "180+1"]
[EndTime "10:15:32 PDT"]
[Termination "DKmirl won by resignation"]

1. d4 Nf6 2. Nf3 c5 3. c3 cxd4 4.
cxd4 d5 5. g3 Nc6 6. Bg2 g6 7.
O-O Bg7 8. Nc3 O-O 9. Bf4 Bg4 10. h3 Bxf3 11. Bxf3 e6 12. Qd2 Qb6 13. Rfd1 Rac8 14. Rac1 Rfd8 15. Na4 Qa5 16. Qxa5 Nxa5 17. Be5 Nc6 18. Bf4 Nd7 19. Be3 Rc7 20. Nc5 Nxc5 21. Rxc5 Rdc8 22. Rdc1 b6 23. R5c2 Kf8 24. b4 e5 25. Bxd5 Ke7 26. Rxc6 1-0

[Event "*** Titled Tuesday Blitz"]
[Site "Chess.com"]
[Date "2021.04.20"]
[Round "2"]
[White "InitiatingASC"]
[Black "Fraler15"]
[Result "1-0"]
[WhiteElo "2431"]
[BlackElo "2204"]
[TimeControl "180+1"]
[EndTime "10:15:34 PDT"]
[Termination "InitiatingASC won by resignation"]

1. d4 d5 2. c4 Nf6 3. Nc3 e6 4. e3 c5 5. Nf3 Nc6 6. Bd3 Bd6 7. O-O O-O 8. a3 b6 9. cxd5 exd5 10. dxc5 bxc5 11.
e4 d4 12. Ne2 Bg4 13. Ng3 Ne5 14. Bg5 Nxf3+ 15. gxf3 Bh3 16. Re1 h6 17. Bd2 Rb8 18. e5 Be7 19. exf6 Bxf6 20. b4 cxb4 21. axb4 Qd6 22.
Rxa7 Rfe8 23. Rxe8+ Rxe8 24. Qa4 Rc8 25. Ra8 Qc7 26.
Qe8+ 1-0

[Event "*** Titled Tuesday Blitz"]
[Site "Chess.com"]
[Date "2021.04.20"]
[Round "2"]
[White "northridgehawk"]
[Black "renehp"]
[Result "0-1"]
[WhiteElo "2301"]
[BlackElo "2488"]
[TimeControl "180+1"]
[EndTime "10:15:36 PDT"]
[Termination "renehp won by resignation"]

1. e4 c5 2. Nf3 d6 3. d4 cxd4 4.
Nxd4 Nf6 5. Nc3 a6 6. h3 e6 7. g4 b5 8. Bg2 Bb7 9. Qe2 Nfd7 10. O-O Be7 11. Be3 O-O 12. a3 Nc6 13. Rad1 Qc7 14. Nb3 Rac8 15. f4 b4 16. axb4 Nxb4 17.
Qf2 Nc5 18. Nxc5 dxc5 19. Rd2 Rfd8 20. Rfd1 h6 21. Rxd8+ Rxd8 22. Rxd8+ Qxd8 23. Bxc5 Bxc5 24. Qxc5 Nxc2 25. Qf2 Nb4 26. e5 Bxg2 27. Kxg2 Qd3 28. Qf3 Qd2+ 29. Qf2 Qxf2+ 30. Kxf2 Nd3+ 31. Ke3 Nxb2 32. Kd4 Kh7 33. Ne4 Kg6 34. Nd6 a5 35. h4 h5 36. f5+ exf5 37. gxf5+ Kh6 38. Nxf7+ Kh7 39. Nd6 a4 40. Nb5 Kg8 41. e6 Kf8 42. Ke5 Ke7 43. Nc3 a3 44. Nd5+ Kd8 45. e7+ Kd7 46. f6 Nc4+ 47. Kf5 gxf6 48. Kxf6 a2 49. Kf7 Nd6+ 50. Kf8 a1=Q 51. Nf6+ Qxf6+ 0-1

[Event "*** Titled Tuesday Blitz"]
[Site "Chess.com"]
[Date "2021.04.20"]
[Round "2"]
[White "federicosellitti"]
[Black "exoticprincess"]
[Result "1-0"]
[WhiteElo "2609"]
[BlackElo "2917"]
[TimeControl "180+1"]
[EndTime "10:15:38 PDT"]
[Termination "federicosellitti won by resignation"]

1. e4 c6 2. d4 d5 3. exd5 cxd5 4. Bd3 Nc6 5. c3 Nf6 6. Bf4 Bg4 7. Nf3 e6 8. Nbd2 Bd6 9. Bxd6 Qxd6 10. O-O O-O 11. Qe1 Bh5 12. Ne5 Rab8 13. f4 Bg6 14. Bxg6 hxg6 15.
Qh4 Ne4 16. Nxe4 dxe4 17. Rae1 f5 18. Nxg6 Rf6 19. Qh5 Ne7 20. Qh8+ Kf7 21. Ne5+ Qxe5 22. Qh5+ g6 23. Qh7+ Ke8 24. fxe5 Rf7 25. Qh3 Rg7 26. c4 Rd8 27. Rd1 Kf7 28. Qb3 b6 29. d5 Rgg8 30.
dxe6+ Kxe6 31. c5+ Kxe5 32. Rxd8 Rxd8 33. cxb6 axb6 34.
Qxb6 Rd3 35. a4 g5 36. a5 Nd5 37. Qb8+ Kd4 38. a6 1-0

[Event "*** Titled Tuesday Blitz"]
[Site "Chess.com"]
[Date "2021.04.20"]
[Round "2"]
[White "MatyChess1"]
[Black "picturesquecheck"]
[Result "1-0"]
[WhiteElo "2649"]
[BlackElo "2306"]
[TimeControl "180+1"]
[EndTime "10:15:38 PDT"]
[Termination "MatyChess1 won by resignation"]

1. e4 c5 2. Nf3 Nc6 3. d4 cxd4 4. Nxd4 Nf6 5. Nc3 d6 6. Be2 e5 7. Nf3 Be7 8. O-O h6 9. Re1 O-O 10. Bf1 Be6 11. Nd5 Bxd5 12. exd5 Nb4 13. c4 a5 14. a3 Na6 15. Nh4 Nxd5 16. Nf5 Nf6 17. Qf3 Nh7 18. Qg3 Bg5 19. h4 Qf6 20. hxg5 Qxf5 21.
gxh6 g6 22. Bd3 Qh5 23. Be2 Qf5 24. Bg4 Qf6 25. Bf3 Nc5 26. Bd5 Rab8 27. b4 axb4 28. axb4 Ne6 29. Bb2 Nf4 30. Rad1 b5 31. c5 dxc5 32.
Bxe5 Nh5 33. Bxf6 Nxg3 34. Be7 Nf5 35. Bxf8 Nxf8 36. bxc5 Rc8 37. c6 Nxh6 38. Re7 Nf5 39.
Rxf7 1-0

[Event "*** Titled Tuesday Blitz"]
[Site "Chess.com"]
[Date "2021.04.20"]
[Round "2"]
[White "GoValya"]
[Black "aaaao"]
[Result "0-1"]
[WhiteElo "2285"]
[BlackElo "2648"]
[TimeControl "180+1"]
[EndTime "10:15:42 PDT"]
[Termination "aaaao won by resignation"]

1. d4 Nf6 2. g3 g6 3. Bg2 Bg7 4. c4 O-O 5. Nf3 d5 6. cxd5 Nxd5 7. O-O Nc6 8. e4 Nb6 9. d5 Na5 10. Nc3 c6 11. Bf4 Nac4 12. Qb3 cxd5 13. exd5 Bg4 14. a4 Rc8 15. Rac1 Nxb2 16. a5 N6c4 17. Qxb7 Nd3 18. Qxa7 Nxc1 19. Rxc1 Qxa5 20. Qxa5 Nxa5 21. Bd2 Bxf3 22.
Bxf3 Nb3 0-1

[Event "*** Titled Tuesday Blitz"]
[Site "Chess.com"]
[Date "2021.04.20"]
[Round "2"]
[White "WashUntilHoles"]
[Black "dmitrijiIM"]
[Result "1-0"]
[WhiteElo "2819"]
[BlackElo "2535"]
[TimeControl "180+1"]
[EndTime "10:15:43 PDT"]
[Termination "WashUntilHoles won by checkmate"]

1. d4 Nf6 2. Bf4 g6 3. e3 Bg7 4. Nf3 O-O 5. h3 d5 6. Be2 c5 7. O-O Nc6 8. c3 Nd7 9. Nbd2 e5 10. dxe5 Ndxe5 11. Nxe5 Nxe5 12. Nf3 Nxf3+ 13. Bxf3 Be6 14. Qe2 Qb6 15. Rfd1 Rfd8 16. Rac1 Rac8 17. b3 d4 18. cxd4 cxd4 19. Rxc8 Rxc8 20. exd4 Bxd4 21. Bxb7 Bxf2+ 22. Qxf2 Qxb7 23. Be5 Bf5 24. Qh4 h5 25. Kh2 Qb6 26.
Rd6 Qc5 27. Qf6 Kf8 28. Rd8+ Rxd8 29. Qxd8# 1-0

[Event "*** Titled Tuesday Blitz"]
[Site "Chess.com"]
[Date "2021.04.20"]
[Round "2"]
[White "energie73"]
[Black "quizden37"]
[Result "0-1"]
[WhiteElo "2350"]
[BlackElo "2815"]
[TimeControl "180+1"]
[EndTime "10:15:43 PDT"]
[Termination "quizden37 won by resignation"]

1. d4 Nf6 2. Bf4 g6 3. Nc3 d5 4.
h3 Bg7 5. e3 O-O 6. Nf3 c5 7.
Be2 Nc6 8. O-O cxd4 9. exd4 Ne4 10. Nb5 a6 11. Na3 Qb6 12. c4 Qxb2 13. cxd5 Nc3 14. Nc4 Qxe2 15. dxc6 Nxd1 16. Nb6 Nc3 17. Nxa8 bxc6 18.
Nb6 Bxh3 19. Rfe1 Qb5 20. Bc7 Be6 21. a4 Qh5 22. Rac1 Nd5 23. Rxc6 Nxc7 24. Rxc7 Qa5 25. Rb1 Rb8 26. Rc5 Qxb6 27. Rxb6 Rxb6 28. d5 Bd7 29.
Rc7 Bxa4 30. Rxe7 Bf6 31. Ra7 Rd6 32. Nd2 Bc2 33. Nc4 Rxd5 34. Rxa6 Bd3 35. Ra8+ Kg7 36.
Ne3 Rc5 37. g3 Rc1+ 38. Kg2 Be4+ 39. f3 Bxa8 0-1

[Event "*** Titled Tuesday Blitz"]
[Site "Chess.com"]
[Date "2021.04.20"]
[Round "2"]
[White "AryanTari"]
[Black "Kostukov_Alex"]
[Result "1-0"]
[WhiteElo "2886"]
[BlackElo "2354"]
[TimeControl "180+1"]
[EndTime "10:15:44 PDT"]
[Termination "AryanTari won by resignation"]

1. b3 Nf6 2. Bb2 g6 3. e4 Bg7 4. g3 O-O 5. Bg2 c5 6. Ne2 Nc6 7. O-O d6 8. d4 cxd4 9. Nxd4 Nxd4 10. Bxd4 Bg4 11. Qd3 Qc8 12. c4 Bh3 13. Nc3 Bxg2 14. Kxg2 e6 15. Rac1 a6 16. Bxf6 Bxf6 17. Qxd6 Rd8 18.
Qf4 Bg7 19. e5 Qc6+ 20. Ne4 Rd4 21. Rfe1 Rad8 22. Re3 Bh6 23. Qxh6 Rxe4 24. Kg1 Red4 25. Rce1 Rd2 26. h4 Rxa2 27. Qf4 Rdd2 28. Rf3 Qd7 29.
h5 a5 30. h6 Qe7 31. Kg2 a4 32. bxa4 Rxa4 33. Qxd2 1-0